 Dungeon Crawl Stone Soup version 0.31.0-12-g77e489cdc1 (webtiles) character file.

Game seed: 10551984154177684376

4 Ijustatesigmund the Digger (level 1, 0/11 HPs)
             Began as a Gargoyle Earth Elementalist on Feb 19, 2024.
             Constricted to death by a ball python (1 damage)
             ... on level 1 of the Dungeon.
             The game lasted 00:00:56 (119 turns).

Ijustatesigmund the Digger (GrEE)                    Turns: 119, Time: 00:00:56

Health: 0/11       AC:  4    Str: 11    XL:     1   Next: 60%
Magic:  2/3        EV:  8    Int: 15    God:
Gold:   17         SH:  0    Dex: 10    Spells: 3/4 levels left

rFire   . . .        e - +0 mace
rCold   . . .        (no shield)
rNeg    + . .        a - +0 robe
rPois   ∞            (no helmet)
rElec   +            (no cloak)
rCorr   +            (no gloves)
SInv    .            (no boots)
Will    .....        (no amulet)
Stlth   ++           g - ring of resist corrosion
HPRegen 0.21/turn    (no ring)
MPRegen 0.08/turn

%: no passive effects
@: constricted
A: sickness immunity, AC +2, negative energy resistance 1, electricity
resistance, torment resistance 1, petrification resistance
a: no special abilities


You were on level 1 of the Dungeon.
You visited 1 branch of the dungeon, and saw 1 of its levels.

You collected 17 gold pieces.

Inventory:

Hand Weapons
 e - a +0 mace (weapon)
Armour
 a - a +0 robe (worn)
Jewellery
 g - a ring of resist corrosion (left hand)
Potions
 b - a potion of magic
 c - a potion of brilliance {unknown}
 d - a potion of degeneration {unknown}


   Skills:
 + Level 0.4 Fighting
 - Level 1.5 Dodging
 - Level 2.1 Stealth
 + Level 2.1 Spellcasting
 - Level 1.1 Conjurations
 + Level 3.7 Earth Magic


You had 3 spell levels left.
You knew the following spells:

 Your Spells              Type           Power      Damage    Failure   Level
a - Sandblast             Erth           24%        2d8       4%          1

Your spell library contained the following spells:

 Spells                   Type           Power      Damage    Failure   Level
 Passwall                 Erth           12%        N/A       14%         3
 Stone Arrow              Conj/Erth      16%        3d8       24%         3
 Brom's Barrelling Bould  Conj/Erth      8%         2d3       63%         4
 Petrify                  Alch/Erth      7%         N/A       69%         4


Dungeon Overview and Level Annotations

Branches:
Dungeon (1/15)

Altars:


Innate Abilities, Weirdness & Mutations

You are immune to sickness and miasma.
Your stone body is resilient. (AC +2)
You are immune to poison.
You resist negative energy. (rN+)
You are resistant to electric shocks. (rElec)
You are resistant to unholy torment.
You are immune to petrification.


Message History

The ball python bites you but does no damage.
The ball python constricts you. The rat bites you but does no damage.
The ball python bites you. The ball python constricts you.
You closely miss the ball python. The rat barely misses you.
The ball python bites you. The ball python constricts you.
The rat bites you but does no damage.
The ball python bites you but does no damage.
The ball python constricts you.
You barely miss the ball python. The ball python bites you.
The ball python constricts you. The rat completely misses you.
You are too injured to fight recklessly!
You are too injured to fight recklessly!
You are too injured to fight recklessly!
You are too injured to fight recklessly!
You are too injured to fight recklessly!
You are too injured to fight recklessly!
You are too injured to fight recklessly!
You are too injured to fight recklessly!
You are too injured to fight recklessly!
You are too injured to fight recklessly!
The ball python's grasp on you weakens, but your attempt to escape fails.
The ball python bites you.
* * * LOW HITPOINT WARNING * * *
The ball python constricts you.
* * * LOW HITPOINT WARNING * * *
The rat closely misses you.
The ball python bites you but does no damage.
The ball python constricts you.
* * * LOW HITPOINT WARNING * * *
Casting: Sandblast (safe; 4% risk of failure)
Confirm with . or Enter, or press ? or * to list all spells.
Aiming: Sandblast (safe; 4% risk of failure)
Press: ? - help, Shift-Dir - straight line, f - ball python
Aim: a ball python (constricting you, 80% to hit)
The blast of sand misses the ball python.
A giant cockroach comes into view.
The rat bites you but does no damage.
The ball python bites you but does no damage.
The ball python constricts you.
You die...

# ... .... #B#..#...
#.#...... ....... #
.....# #.#..g.# ..
#.#.#Sr##### ..##
#....@.....##
....######.#........
.#........#..#..###...
.........#..)..# .
#........#.##.###
#........#.##.†.#####
#.........>##..##≈≈~##
#........####.##≈~P≈≈##
#.......)######~~~.~~≈##
.


You could see a giant cockroach (wandering), a goblin, a ball python and a rat.

Vanquished Creatures
  A bat (D:1)
  A goblin (D:1)
  A ball python (D:1)
  A frilled lizard (D:1)
4 creatures vanquished.

Notes
Turn   | Place    | Note
-------+----------+-------------------------------------------
     0 | D:1      | Ijustatesigmund the Gargoyle Earth Elementalist began the
                  | quest for the Orb.
     0 | D:1      | Reached XP level 1. HP: 10/10 MP: 3/3
   119 | D:1      | Constricted to death by a ball python

Illustrated notes

Levels and vault maps discovered:
D:1:      lightli_arrival_statuegarden, layout_basic

Action                     || total
---------------------------++-------
  Melee: Spear             ||     7
         Mace              ||     5
   Cast: Sandblast         ||     4
 Armour: Robe              ||    18
  Dodge: Dodged            ||    11
